Unix NetHack Version 5.0.0-0 post-release - last build May  4 2026 22:22:43 (774f63e81ad911689b3a0859ea89b322d5daca8d,branch:main).

Game began 2026-05-08 00:31:30, ended 2026-05-10 04:50:05.

Anwyn, neutral female gnomish Healer

            -------------                                          -----------
            |.....l....)[#######------                             |.........|
            |...........|      #|....|    ------------      #######..........|
          ##-.....|.....|      #|....|    |...y..Z...-######`      |.........|
          # |...........|      #......####.fhyf'uYqZ%|             ------.----
          # |...>@g.....|      #------    ----------.-                  ##
          # |...........-##    ######################                   #
        ### ------------- #       #                ##                ####
       ##                 ##      #              ########            #
  -----#                   #      #           ####      ##           #
  |...|#                   # -----#           #          ##        ###
  |...|#                   # |<..-#         ###           `#####---|-----
  |..<.#                   # |...|          #                  #|.......|
  |...|                    ##....|         -|-----       ######[........|
  |.).|                      -----         |^....| #######      |.......|
  -----                                    |......##            ---------
                                           |.....|
                                           |.....|
                                           -------

Anwyn the Dresser            St:16 Dx:14 Co:18 In:10 Wi:17 Ch:16  Neutral
Dlvl:8  $:0  HP:0(83) Pw:74(74) AC:1  Xp:10 T:25340 

Latest messages:
 Where do you want to travel to?
 (For instructions type a '?')
 You faint from lack of food.
 You regain consciousness.
 Are you sure you want to pray? [yn] (n) y
 You begin praying to Hermes.
 You are surrounded by a shimmering light.
 You finish your prayer.
 You feel that Hermes is well-pleased.
 Your stomach feels content.
 Where do you want to travel to?
 (For instructions type a '?')
 You hit the lizard!
 You kill the lizard!
 You see here a lizard corpse.
 l - a lizard corpse.
 What do you want to use or apply? [bfh-kswyABMNPQTWY or ?*] s
 In what direction? l
 Status of the gargoyle (chaotic, medium):  Level 7  HP 27(27)  AC -4.
 You miss the gargoyle.
 The gargoyle misses!
 The gargoyle hits!
 The gargoyle bites!
 What do you want to use or apply? [bfh-kswyABMNPQTWY or ?*] s
 In what direction? l
 Status of the gargoyle (chaotic, medium):  Level 7  HP 27(27)  AC -4.
 You hit the gargoyle!
 The gargoyle hits!
 The gargoyle hits again!
 The gargoyle bites!
 What do you want to use or apply? [bfh-kswyABMNPQTWY or ?*] s
 In what direction? l
 Status of the gargoyle (chaotic, medium):  Level 7  HP 13(27)  AC -4.
 You hit the gargoyle!
 The gargoyle hits!
 The gargoyle hits again!
 The gargoyle bites!
 What do you want to use or apply? [bfh-kswyABMNPQTWY or ?*] s
 In what direction? l
 Status of the gargoyle (chaotic, medium):  Level 7  HP 1(27)  AC -4.
 You miss the gargoyle.
 The gargoyle hits!
 The gargoyle hits again!
 The gargoyle bites!
 You die...
 Do you want your possessions identified? [ynq] (y) y
 Do you want to see your attributes? [ynq] (y) y
 Do you want an account of creatures vanquished? [ynaq] (y) y
 Do you want to see your conduct and achievements? [ynq] (y) y
 Do you want to see the dungeon overview? [ynq] (y) y

Inventory:
 Amulets  ('"')
  p - an uncursed amulet of reflection (being worn)
 Weapons  (')')
  S - 13 +0 daggers (at the ready)
  a - the rustproof +4 Vorpal Blade (weapon in right hand)
 Armor    ('[')
  u - an uncursed burnt +1 pair of leather gloves (being worn)
  c - an uncursed +1 pair of elven boots (being worn)
  U - an uncursed greased +3 orcish cloak (being worn)
  n - an uncursed +0 studded leather armor (being worn)
 Comestibles  ('%')
  l - an uncursed lizard corpse
 Potions  ('!')
  g - 2 uncursed potions of sickness
 Rings    ('=')
  H - an uncursed ring of free action (on left hand)
  R - an uncursed ring of regeneration
 Wands    ('/')
  W - a wand of cancellation (0:8)
  Y - a wand of digging (0:5)
  i - a wand of magic missile (0:5)
  A - a wand of slow monster (0:8)
  P - a wand of slow monster (0:6)
  j - a wand of slow monster (0:1)
  f - a wand of speed monster (0:2)
  M - a wand of striking (0:5)
  B - a wand of striking (0:4)
 Tools    ('(')
  b - an uncursed greased sack containing 8 items
  y - an expensive camera (0:67)
  w - an uncursed magic whistle
  N - an uncursed mirror
  Q - an uncursed oil lamp
  k - an uncursed skeleton key
  s - an uncursed stethoscope
  T - an uncursed towel
  h - a blessed +0 unicorn horn
 Gems/Stones  ('*')
  r - an uncursed luckstone

Contents of the sack:
  308 gold pieces
  an uncursed amulet of life saving
  an uncursed scroll of teleportation
  an uncursed potion of fruit juice
  an uncursed potion of monster detection
  an uncursed potion of see invisible
  an uncursed potion of speed
  a potion of holy water

Anwyn the Healer's attributes:

Background:
 You were a Dresser, a level 10 female gnomish Healer.
 You were neutral, on a mission for Hermes
 who was opposed by Athena (lawful) and Poseidon (chaotic).
 You were right-handed.
 You were in the Dungeons of Doom, on level 8.
 You entered the dungeon 25340 turns ago.
 It was nighttime.
 You had 8956 experience points, 1044 more were needed to attain level 11.

Basics:
 You had 0 out of 83 hit points.
 You had all 74 energy points (spell power).
 Your armor class was 1.
 Your wallet was empty, but
 you had 308 zorkmids stashed away in your pack.
 Autopickup was on for '$"?!=/' plus thrown.

Final Characteristics:
 Your strength was 16 (limit:18/50).
 Your dexterity was 14 (limit:18).
 Your constitution was 18 (limit:18).
 Your intelligence was 10 (limit:19).
 Your wisdom was 17 (limit:18).
 Your charisma was 16 (limit:18).

Final Status:
 You weren't hungry.
 You were unencumbered.
 You were wielding a long sword.
 You had basic skill with long sword.

Final Attributes:
 You were piously aligned.
 You were cold resistant.
 You were sleep resistant.
 You were poison resistant.
 You saw invisible.
 You were telepathic.
 You had infravision.
 You were stealthy.
 You were warded.
 You had reflection.
 You had free action.
 You were lucky.
 You had extra luck.
 Bad luck did not time out for you.
 Good luck did not time out for you.
 You are dead.

Miscellaneous:
 You didn't encounter any bones levels.
 Total elapsed playing time was 14 hours, 16 minutes and 24 seconds.

Major events:
 Turn
    1: Anwyn the neutral female gnomish Healer entered the dungeon
  200: entered the Gnomish Mines
  541: reached Mine Town
 1378: attained the rank of Empiric (level 3)
 7337: attained the rank of Embalmer (level 6)
 8987: entered Sokoban
 9356: completed 1st Sokoban level
 9689: completed 2nd Sokoban level
10423: completed 3rd Sokoban level
17055: was bestowed with Vorpal Blade by Hermes
19462: acquired the Mines' End luckstone
21071: attained the rank of Dresser (level 10)
22194: completed 4th Sokoban level
23021: acquired the Sokoban amulet of reflection
25340: killed by a gargoyle

Spells:
 Name                 Level Category     Fail Retention
 healing                1   healing        0%   71%-75%
 extra healing          3   healing        0%   71%-75%
 stone to flesh         3   healing        0%   71%-75%
 force bolt             1   attack         0%  76%-100%
 light                  1   divination     0%   51%-75%
 cause fear             3   enchantment   82%  76%-100%

Skills:
 Fighting Skills
   bare handed combat [Unskilled]
 Weapon Skills
   dagger             [Skilled]
   knife              [Basic]
   short sword        [Unskilled]
   long sword         [Basic]
   saber              [Unskilled]
   club               [Unskilled]
   mace               [Unskilled]
   quarterstaff       [Unskilled]
   polearms           [Unskilled]
   spear              [Unskilled]
   trident            [Unskilled]
   sling              [Unskilled]
   dart               [Unskilled]
   shuriken           [Unskilled]
   unicorn horn       [Skilled]
 Spellcasting Skills
   healing spells     [Skilled]

Voluntary challenges:
 Character rerolling was not enabled.
 You never genocided any monsters.
 You never polymorphed an object.
 You never changed form.
 You used no wishes.
 You did not violate any of the special Sokoban rules.
Achievements:
 You entered the Gnomish Mines.
 You entered Minetown.
 You entered a shop.
 You entered a temple.
 You attained the rank of Empiric.
 You attained the rank of Embalmer.
 You entered Sokoban.
 You completed the Gnomish Mines.
 You attained the rank of Dresser.
 You completed Sokoban.

 The Dungeons of Doom: levels 1 to 11
    Level 1:
       An altar to Hermes.
    Level 2:
       A wand shop, a grave.
       Stairs down to The Gnomish Mines.
    Level 3: "vault"
       A general store, a fountain, a grave.
    Level 4: "STASH"
       A scroll shop, many altars.
    Level 5: "vault"
    Level 6:
    Level 7:
       Many fountains.
       Oracle of Delphi.
    Level 8: "vault" <- You were here.
       A grave.
       Stairs up to Sokoban, level 7.
       Final resting place for
          you, killed by a gargoyle.
    Level 9: "mini stash, vault"
    Level 10: "throne room, partially explored"
    Level 11:
 The Gnomish Mines: levels 3 to 10
    Level 3:
    Level 4:
    Level 5:
       Many shops, a temple and an altar, some fountains, some trees.
    Level 6:
    Level 7:
    Level 8:
    Level 9:
    Level 10:
 Sokoban: levels 7 up to 4
    Level 4:
       Solved.
    Level 5:
       Solved.
    Level 6:
       Solved.
    Level 7:
       Solved.


Vanquished creatures:
  a lich
  a giant mimic
  a long worm
  2 elven monarchs
  2 large mimics
  a wumpus
  a stalker
  a black naga
 an elf-noble
  a sergeant
  2 winter wolves
  6 small mimics
  2 xans
  3 ogre leaders
  2 quantum mechanics
  a wood golem
  a gelatinous cube
  a pyrolisk
  2 large dogs
  a flaming sphere
  a large cat
  a gargoyle
  a dwarf ruler
  2 tengu
 an ochre jelly
  a leocrotta
  a red naga
  2 pythons
  a pit viper
  a wraith
  a carnivorous ape
 an ettin zombie
  a leather golem
  a Grey-elf
  a soldier
  3 watchmen
  2 giant beetles
  2 quivering blobs
  6 cockatrices
  2 wolves
  a winter wolf cub
  a lynx
  2 gremlins
 14 leprechauns
 an orc-captain
 an iron piercer
  a giant spider
  a scorpion
  3 horses
  a black light
  a vampire bat
  a forest centaur
  3 gnome rulers
 an orc mummy
  a dwarf mummy
  3 ogres
  a brown pudding
  a rust monster
  4 owlbears
  6 yetis
  a gold golem
  a werewolf
  6 Green-elves
  9 lizards
  2 chickatrices
  a dingo
  a housecat
  2 jaguars
  a blue jelly
  2 white unicorns
  a black unicorn
  3 dust vortices
  4 ravens
  a gnome mummy
  a snake
  4 apes
  4 human zombies
  a rope golem
  5 Woodland-elves
  5 soldier ants
 15 bugbears
  3 imps
  a quasit
  2 wood nymphs
  3 mountain nymphs
 17 Mordor orcs
 17 Uruk-hai
  6 rock piercers
  5 rock moles
  4 ponies
  4 fog clouds
  8 yellow lights
  5 shriekers
  a violet fungus
 12 gnome leaders
  4 gnomish wizards
  3 kobold mummies
  5 gray oozes
  2 barrow wights
 an elf zombie
  2 ghouls
  a straw golem
  a paper golem
  a baby crocodile
  7 giant ants
  2 little dogs
  5 floating eyes
  3 kittens
 19 dwarves
  4 homunculi
  3 kobold leaders
  2 kobold shamans
 43 hill orcs
 14 rothes
  3 centipedes
  4 giant bats
  4 orc zombies
 10 dwarf zombies
  3 wererats
  a werejackal
 13 iguanas
  6 acid blobs
  6 coyotes
  5 gas spores
 12 hobbits
  5 manes
 10 large kobolds
 16 hobgoblins
 12 giant rats
 11 cave spiders
  3 brown molds
  3 yellow molds
  a red mold
 30 gnomes
  6 garter snakes
  3 gnome zombies
 19 geckos
  9 jackals
  5 foxes
  6 kobolds
  9 goblins
 10 sewer rats
 15 grid bugs
  3 bats
 11 lichens
  4 kobold zombies
 22 newts
673 creatures vanquished.

No species were genocided or became extinct.

Game over:
                       ----------
                      /          \
                     /    REST    \
                    /      IN      \
                   /     PEACE      \
                  /                  \
                  |      Anwyn       |
                  |      308 Au      |
                  |   killed by a    |
                  |     gargoyle     |
                  |                  |
                  |                  |
                  |       2026       |
                 *|     *  *  *      | *
        _________)/\\_//(\/(/\)/\//\/|_)_______

Goodbye Anwyn the Healer...

You died in The Dungeons of Doom on dungeon level 8 with 36384 points,
and 308 pieces of gold, after 25340 moves.
You were level 10 with a maximum of 83 hit points when you died.

